 Dungeon Crawl Stone Soup version 0.30.1 (webtiles) character file.

Game seed: 4354623049598919165

492 eerie the Ruffian (level 7, -1/57 HPs)
             Began as a Ghoul Gladiator on July 8, 2023.
             Slain by an orc
             ... wielding a +0 trident
              (4 damage)
             ... on level 5 of the Dungeon.
             The game lasted 00:26:04 (3863 turns).

eerie the Ruffian (Ghoul Gladiator)                 Turns: 3863, Time: 00:26:05

Health: -1/57      AC: 10    Str: 20    XL:     7   Next: 14%
Magic:  6/6        EV:  9    Int:  6    God:
Gold:   166        SH:  0    Dex: 10    Spells: 6/6 levels left

rFire   . . .        f - +8 trident of Valour {venom, Int+3}
rCold   + . .        (no shield)
rNeg    + + +        i - +0 chain mail
rPois   ∞            b - +0 helmet
rElec   .            (no cloak)
rCorr   .            (no gloves)
SInv    +            (no boots)
Will    .....        (no amulet) Stlth
                     n - ring of see invisible
HPRegen 0.00/turn    (no ring)
MPRegen 0.10/turn

%: no passive effects
@: inhibited regen
A: claws 1, cold resistance 1, negative energy resistance 3, inhibited
regeneration, torment resistance 2, devour on kill
a: no special abilities


You were on level 5 of the Dungeon.
You visited 1 branch of the dungeon, and saw 5 of its levels.

You collected 166 gold pieces.

Inventory:

Hand Weapons
 f - the +8 trident of Valour (weapon) {venom, Int+3}
   (You found it on level 2 of the Dungeon)

   Int:       It affects your intelligence (+3).
 l - a +1 hand axe of freezing
Missiles
 c - 3 throwing nets (quivered)
 d - a javelin
 k - 15 stones
Armour
 b - a +0 helmet (worn)
 i - a +0 chain mail (worn)
Magical Staves
 I - a staff of conjuration
 J - a staff of death
Jewellery
 n - a ring of see invisible (left claw)
Wands
 y - a wand of light (17)
 D - a wand of flame (30)
Scrolls
 a - a scroll of torment {unknown}
 m - 6 scrolls of identify {unknown}
 p - a scroll of noise {unknown}
 q - 3 scrolls of amnesia {unknown}
 w - a scroll of poison
 B - 3 scrolls of teleportation {unknown}
 C - a scroll of silence {unknown}
 E - a scroll of immolation {unknown}
 G - a scroll of vulnerability {unknown}
 H - a scroll of fear {unknown}
Potions
 e - a potion of cancellation {unknown}
 o - 3 potions of degeneration {unknown}
 r - a potion of magic {unknown}
 v - 4 potions of curing {unknown}
 x - a potion of ambrosia {unknown}
 z - 2 potions of flight {unknown}
 A - a potion of attraction {unknown}
 F - a potion of haste {unknown}


   Skills:
 + Level 3.0 Fighting
 + Level 3.6 Polearms
 + Level 1.8 Throwing
 + Level 2.9 Armour
 + Level 3.6 Dodging
 + Level 1.0 Stealth
 + Level 4.6 Unarmed Combat


You had 6 spell levels left.
You didn't know any spells.
Your spell library contained the following spells:

 Spells                   Type           Power      Damage    Failure   Level
 Sandblast                Erth           0%         2d4       98%         1
 Passwall                 Tmut/Erth      0%         N/A       99%         2
 Poisonous Vapours        Pois/Air       0%         N/A       99%         2
 Mephitic Cloud           Conj/Pois/Air  0%         N/A       100%        3
 Stone Arrow              Conj/Erth      0%         3d7       100%        3
 Freezing Cloud           Conj/Ice/Air   0%         6-21      100%        5


Dungeon Overview and Level Annotations

Branches:
Dungeon (5/15)
 Temple: D:4-7

Altars:
Qazlal


Innate Abilities, Weirdness & Mutations

You are immune to poison.
You have sharp fingernails.
Your flesh is cold resistant. (rC+)
You are immune to negative energy. (rN+++)
You do not regenerate when monsters are visible.
You are immune to unholy pain and torment.
You thrive by killing the living.


Message History

The hound barely misses you.
You puncture the orc wizard!
You kill the orc wizard!
The hound bites you but does no damage. The orc barely misses you.
The orc misses you. The orc wizard closely misses you.
The orc wizard hits you but does no damage.
The orc hits you but does no damage.
You puncture the orc!
You kill the orc!
You feel better. The hound bites you but does no damage.
The orc hits you but does no damage.
The orc wizard hits you with a +2 dagger of venom.
* * * LOW HITPOINT WARNING * * *
The orc hits you but does no damage.
The orc wizard hits you but does no damage.
The hound bites you.
* * * LOW HITPOINT WARNING * * *
You closely miss the orc.
The orc is heavily wounded.
The hound barely misses you. The orc hits you but does no damage.
The orc barely misses you. x2; The orc closely misses you.
The orc wizard hits you with a +0 dagger.
* * * LOW HITPOINT WARNING * * *
The orc wizard hits you but does no damage.
The hound completely misses you.
You puncture the orc!
You kill the orc!
You feel better.
The orc hits you with a +2 vampiric dagger.
* * * LOW HITPOINT WARNING * * *
The orc wizard hits you with a +2 dagger of venom.
* * * LOW HITPOINT WARNING * * *
The orc hits you but does no damage.
The orc wizard hits you with a +0 dagger.
* * * LOW HITPOINT WARNING * * *
The orc hits you with a +0 falchion.
* * * LOW HITPOINT WARNING * * *
The hound barely misses you. The orc hits you but does no damage.
The orc hits you from afar with a +0 trident.
You die...

#...###..###..##..##..##...#####
#...#E#..####+##..##..##........
#...# #..)....##..##..#.........
.... ................#.........
... ................<#...>.....
.. ..##########.###+###..##.##
........#.###.###..##.##
.....oho#......#.......#
.....lo@#......#.......#
......o)o......#.......#
........################
..#####.. . #.. '... #... ...##
..


You could see an iguana, a hound, 2 orc wizards and 3 orcs.

Vanquished Creatures
  A scorpion (D:5)
  A hound (D:4)
  An orc priest (D:3)
  2 sleepcaps
  Ijyb (D:3)
  An orc wizard (D:5)
  An iguana (D:4)
  3 gnolls (D:5)
  14 adders
  2 worms
  4 dart slugs
  7 orcs
  6 ball pythons
  6 bats
  4 endoplasms
  3 giant cockroaches
  4 hobgoblins
  4 quokkas
  5 frilled lizards
  5 goblins
  4 kobolds
  8 rats
87 creatures vanquished.

Notes
Turn   | Place    | Note
-------+----------+-------------------------------------------
     0 | D:1      | eerie the Ghoul Gladiator began the quest for the Orb.
     0 | D:1      | Reached XP level 1. HP: 17/17 MP: 0/0
    95 | D:1      | Reached XP level 2. HP: 9/24 MP: 1/1
   858 | D:2      | Identified the +8 trident of Valour {venom, Int+3}
   894 | D:2      | Reached skill level 4 in Unarmed Combat
   910 | D:2      | Reached XP level 3. HP: 29/29 MP: 2/2
  1353 | D:2      | Reached XP level 4. HP: 36/36 MP: 3/3
  1455 | D:2      | Reached skill level 1 in Armour
  1513 | D:3      | Reached skill level 1 in Polearms
  1679 | D:3      | Reached XP level 5. HP: 42/42 MP: 4/4
  1975 | D:3      | Noticed Ijyb
  1988 | D:3      | Killed Ijyb
  2445 | D:3      | Reached XP level 6. HP: 50/50 MP: 5/5
  3394 | D:5      | Entered Level 5 of the Dungeon
  3606 | D:5      | Found a stormy altar of Qazlal.
  3608 | D:5      | Noticed a fire elemental
  3608 | D:5      | Noticed a water elemental
  3857 | D:5      | Reached skill level 1 in Stealth
  3857 | D:5      | Reached XP level 7. HP: 34/57 MP: 6/6
  3863 | D:5      | Slain by an orc

Illustrated notes

Levels and vault maps discovered:
D:1:      ncdulo_smallfort, layout_loops_ring
D:2:      cheibrodos_greedy_goblins, layout_loops_cross, minmay_quantized
D:3:      layout_basic, minmay_snake_closets, uniq_ijyb, uniq_natasha
D:4:      layout_basic
D:5:      layout_gridville, nicolae_qazlal_style_of_elements,
          kennysheep_decorative_pillar, st_stairs_13

Skill      XL: |  1  2  3  4  5  6 |
---------------+-------------------+-----
Dodging        | 3 |  3.6
Unarmed Combat | 4 |  4.6
Armour         | 1 2 |  2.9
Polearms       | 1 3 |  3.6
Fighting       | 3 |  3.0
Stealth        | 1 |  1.0
Throwing       | |  1.8

Action                     |  1- 3 |  4- 6 |  7- 9 || total
---------------------------+-------+-------+-------++-------
  Melee: Unarmed           |    46 |       |       ||    46
         Trident           |    28 |   107 |     7 ||   142
         Punch             |     1 |     2 |       ||     3
  Throw: Throwing net      |     1 |       |       ||     1
    Use: Scroll            |     1 |       |       ||     1
 Armour: Leather armour    |    15 |       |       ||    15
         Chain mail        |    21 |    81 |    17 ||   119
  Dodge: Dodged            |    52 |    60 |    15 ||   127
